 Dungeon Crawl Stone Soup version 0.21.1-1-g345015fe64 (webtiles) character file.

1839 Mrkan the Grappler (level 8, -4/80 HPs)
             Began as a Troll Monk on May 6, 2018.
             Was a Believer of Wu Jian.
             Engulfed by a steam dragon's steam (5 damage)
             ... on level 6 of the Dungeon.
             The game lasted 00:13:54 (5537 turns).

Mrkan the Grappler (Troll Monk)                     Turns: 5537, Time: 00:13:54

Health: -4/80      AC:  6    Str: 20    XL:     8   Next: 87%
Magic:  7/7        EV: 12    Int:  6    God:    Wu Jian [**....]
Gold:   244        SH:  0    Dex: 14    Spells: 7/7 levels left

rFire    . . .     SeeInvis .     - Unarmed
rCold    . . .     Gourm    +   (no shield)
rNeg     . . .     Faith    .   a - +0 robe
rPois    .         Spirit   .   (helmet restricted)
rElec    .         Reflect  .   t - +0 cloak
rCorr    .         Harm     .   (gloves unavailable)
MR       .....                  (boots unavailable)
Stlth    ++........             (no amulet)
HPRegen  0.63/turn              (no ring)
MPRegen  0.10/turn              (no ring)

@: no status effects
A: large, unfitting armour, claws 3, fast metabolism 3, gourmand, regeneration
1, shaggy fur 1, tough skin 2
a: Wall Jump, Renounce Religion


You were on level 6 of the Dungeon.
You worshipped Wu Jian.
Wu Jian was pleased with you.
You were completely stuffed.

You visited 2 branches of the dungeon, and saw 7 of its levels.
You also visited: Ossuary.

You collected 244 gold pieces.

Inventory:

Hand Weapons
 s - a +3 quarterstaff of chaos
Armour
 a - a +0 robe (worn)
 t - a +0 cloak (worn)
Jewellery
 B - the amulet of Psychosis {*Corrode rC+ Regen+ Dex+2, unknown}
   (You found it on level 4 of the Dungeon)

   [amulet of regeneration]

   It affects your dexterity (+2).
   It protects you from cold.
   It increases your rate of regeneration.
   It may corrode you when you take damage.
Wands
 p - a wand of flame (35)
 E - a wand of polymorph (11)
Scrolls
 d - 5 scrolls of remove curse {unknown}
 e - a scroll of fear {unknown}
 f - 2 scrolls of immolation {unknown}
 g - 2 scrolls of magic mapping {unknown}
 l - 5 scrolls of identify {unknown}
 m - 2 scrolls of fog {unknown}
 o - a scroll of blinking {unknown}
 q - a scroll of amnesia {unknown}
 v - a scroll of teleportation {unknown}
 y - 4 scrolls of random uselessness {unknown}
 z - 2 scrolls of noise {unknown}
Potions
 c - 2 potions of mutation {unknown}
 h - 3 potions of brilliance
 j - a potion of lignification {unknown}
 k - 2 potions of flight {unknown}
 n - 4 potions of heal wounds {unknown}
 r - a potion of agility {unknown}
 u - 7 potions of degeneration
 w - 3 potions of curing
 x - a potion of cancellation {unknown}
 A - 2 potions of berserk rage
Books
 D - a book of Flames

   Spells                             Type                      Level
   a - Flame Tongue                   Conjuration/Fire             1
   b - Throw Flame                    Conjuration/Fire             2
   c - Conjure Flame                  Conjuration/Fire             3
   d - Inner Flame                    Hexes/Fire                   3
   e - Sticky Flame                   Conjuration/Fire             4
   f - Fireball                       Conjuration/Fire             5
 F - a book of Debilitation

   Spells                             Type                      Level
   a - Corona                         Hexes                        1
   b - Slow                           Hexes                        2
   c - Inner Flame                    Hexes/Fire                   3
   d - Portal Projectile              Hexes/Translocation          3
   e - Cause Fear                     Hexes                        4
   f - Leda's Liquefaction            Hexes/Earth                  4
Comestibles
 b - 7 rations
 C - 7 chunks of flesh


   Skills:
 + Level 5.3 Fighting
 + Level 5.3 Dodging
 - Level 1.2 Stealth
 * Level 8.6 Unarmed Combat


You had 7 spell levels left.
You didn't know any spells.

Dungeon Overview and Level Annotations

Branches:
Dungeon (6/15)             Temple (1/1) D:5

Altars:
Ashenzari
Cheibriados
Dithmenos
Elyvilon
Fedhas
Gozag
Hepliaklqana
Kikubaaqudgha
Makhleb
Nemelex Xobeh
Qazlal
Ru
Sif Muna
Trog
Uskayaw
Vehumet
Wu Jian
Xom
Zin

Shops:
D:6 (


Innate Abilities, Weirdness & Mutations

You are too large for most types of armour.
You have claws for hands.
Your metabolism is lightning-fast.
You like to eat raw meat.
Your natural rate of healing is unusually fast.
You are covered in fur. (AC +1)
You have very tough skin. (AC +2)


Message History

The steam dragon barely misses you.
The steam dragon claws you but does no damage.
The steam dragon bites you.
* * * LOW HITPOINT WARNING * * *
The steam dragon claws you but does no damage.
You scratch the steam dragon.
The steam dragon is severely wounded.
The steam dragon barely misses you. The steam dragon claws you.
* * * LOW HITPOINT WARNING * * *
You claw the steam dragon!
You kill the steam dragon!
The Council accepts your kill.
The steam dragon scales are intact enough to wear.
You closely miss the steam dragon. The steam dragon breathes steam at you.
The ball of steam hits you!
* * * LOW HITPOINT WARNING * * *
You barely miss the steam dragon. Your claw misses the steam dragon.
You are engulfed in a cloud of scalding steam.
You die...

#.......# ##.## #.......#
##.... #...∩...#####...#.
#................. ###
#........##.......
###^.###........##...####
#PP.≈≈P#######.....###≈P.
#≈...≈≈..PP≈≈#######≈≈PP≈
P.....[D@§§.....≈..≈P.PP^
P....P.P.≈.PP.≈≈.........
.P...PP#########..≈^.P.≈≈
#.≈P..# ########≈≈ ##P.≈#
### ####


You could see a steam dragon.

Vanquished Creatures
  The ghost of Kejsarherre the Skirmisher, an amateur MiBe of Trog (D:4)
  Eustachio (D:4)
  A steam dragon (D:6)
  A phantom (D:5)
  2 ogres (D:4)
  3 centaurs (D:5)
  2 bullfrogs
  A scorpion (D:4)
  The ghost of Tegun the Insei, a weakling DsMo (D:3)
  2 centaur zombies
  A bullfrog zombie (D:5)
  A howler monkey (D:4)
  Crazy Yiuf (D:3)
  A centaur skeleton (D:4)
  Terence (D:3)
  4 orc wizards (D:4)
  A worker ant (D:4)
  A big kobold zombie (Ossuary)
  3 hound skeletons
  3 mummies (Ossuary)
  A worker ant zombie (D:5)
  7 adders
  A shadow imp (D:5)
  4 dart slugs
  2 leopard geckos
  15 orcs
  8 giant cockroaches
  2 gnoll zombies (Ossuary)
  5 goblins
  7 hobgoblins
  8 jackals
  5 quokkas
  A ball python (D:3)
  7 bats
  2 frilled lizards (D:2)
  A goblin zombie (Ossuary)
  2 hobgoblin zombies (Ossuary)
  7 kobolds
  A kobold zombie (Ossuary)
  2 quokka skeletons (D:4)
  6 rats
  A bush (D:2)
127 creatures vanquished.

Notes
Turn   | Place    | Note
-------+----------+-------------------------------------------
     0 | D:1      | Mrkan the Troll Monk began the quest for the Orb.
     0 | D:1      | Reached XP level 1. HP: 22/22 MP: 0/0
   106 | D:1      | Reached XP level 2. HP: 29/29 MP: 1/1
   577 | D:2      | Reached XP level 3. HP: 34/36 MP: 2/2
   616 | D:2      | Found a faded altar of an unknown god.
  1010 | D:2      | Reached XP level 4. HP: 43/44 MP: 3/3
  1350 | D:3      | Noticed Tegun's ghost (weakling DsMo)
  1366 | D:3      | Killed Tegun's ghost
  1366 | D:3      | Reached skill level 4 in Unarmed Combat
  1752 | D:3      | Reached XP level 5. HP: 53/53 MP: 4/4
  1768 | D:3      | Noticed Terence
  1782 | D:3      | Killed Terence
  1863 | D:3      | Found a runed door.
  1962 | D:3      | Found an opulent altar of Gozag.
  2376 | D:3      | Noticed Crazy Yiuf
  2381 | D:3      | Killed Crazy Yiuf
  2603 | D:4      | Found a sand-covered staircase.
  2608 | Ossuary  | Entered an ossuary
  2633 | Ossuary  | Reached skill level 5 in Unarmed Combat
  2815 | Ossuary  | Reached XP level 6. HP: 60/61 MP: 5/5
  3687 | D:4      | Noticed Eustachio
  3718 | D:4      | Killed Eustachio
  3718 | D:4      | Reached skill level 6 in Unarmed Combat
  3718 | D:4      | Reached XP level 7. HP: 63/68 MP: 6/6
  3763 | D:4      | Got a coiled graven amulet
  3789 | D:4      | Noticed Kejsarherre's ghost (amateur MiBe)
  3813 | D:4      | Killed Kejsarherre's ghost
  3813 | D:4      | Reached skill level 7 in Unarmed Combat
  3849 | D:4      | Reached XP level 8. HP: 37/79 MP: 7/7
  4347 | D:5      | Entered Level 5 of the Dungeon
  4425 | D:5      | Found a staircase to the Ecumenical Temple.
  4480 | Temple   | Entered the Ecumenical Temple
  4644 | Temple   | Became a worshipper of the Wu Jian Council
  4644 | Temple   | Reached * piety under Wu Jian
  4644 | Temple   | Reached ** piety under Wu Jian
  4906 | D:5      | Reached skill level 5 in Fighting
  4906 | D:5      | Reached skill level 5 in Dodging
  5008 | D:5      | Found a shimmering altar of Xom.
  5072 | D:5      | Reached skill level 8 in Unarmed Combat
  5414 | D:6      | Found Kitwoipy's Weapon Boutique.
  5536 | D:6      | HP: 1/80 [steam dragon/ball of steam (12)]
  5537 | D:6      | Engulfed by a steam dragon's steam

Skill      XL: |  1  2  3  4  5  6  7  8 |
---------------+-------------------------+-----
Fighting       | 3 4 5 |  5.3
Dodging        | 3 4 5 |  5.3
Unarmed Combat | 4 5 6 7 8 |  8.6
Stealth        | |  1.2

Action                   |  1- 3 |  4- 6 |  7- 9 || total
-------------------------+-------+-------+-------++-------
Melee: Unarmed           |   160 |   142 |   141 ||   443
       Punch             |     2 |     4 |     6 ||    12
Invok: Lunge             |       |       |     9 ||     9
       Wall Jump         |       |       |     6 ||     6
       Whirlwind         |       |       |     2 ||     2
  Use: Potion            |       |     2 |     1 ||     3
 Stab: Sleeping          |     4 |     1 |     1 ||     6
  Eat: Chunk             |    15 |    15 |    23 ||    53
       Ration            |       |     1 |       ||     1
Armor: Robe              |    49 |    36 |    30 ||   115
Dodge: Dodged            |    74 |    80 |    63 ||   217
